 Dungeon Crawl Stone Soup version 0.21.1-1-g345015f (webtiles) character file.

93 Kairos the Gusty (level 4, -1/31 HPs)
             Began as a Human Air Elementalist on Mar 26, 2018.
             Slain by an orc priest
             ... wielding a +0 club
              (8 damage)
             ... on level 3 of the Dungeon.
             The game lasted 00:06:55 (3170 turns).

Kairos the Gusty (Human Air Elementalist)           Turns: 3170, Time: 00:06:56

Health: -1/31      AC:  3    Str: 10    XL:     4   Next: 91%
Magic:  1/8        EV: 12    Int: 15    God:
Gold:   124        SH:  0    Dex: 13    Spells: 7/8 levels left

rFire    . . .     SeeInvis .   j - +0 whip
rCold    . . .     Gourm    .   (no shield)
rNeg     + . .     Faith    .   f - +0 leather armour
rPois    .         Spirit   .   (no helmet)
rElec    .         Reflect  .   (no cloak)
rCorr    .         Harm     .   (no gloves)
MR       .....                  (no boots)
Stlth    +.........             (no amulet)
HPRegen  0.10/turn              m - ring of positive energy
MPRegen  0.11/turn              s - ring of loudness (curse)

@: very slightly contaminated
A: no striking features
a: no special abilities


You were on level 3 of the Dungeon.
You were hungry.

You visited 1 branch of the dungeon, and saw 3 of its levels.

You collected 124 gold pieces.

Inventory:

Hand Weapons
 j - a +0 whip (weapon)
Armour
 a - a +0 robe
 f - a +0 leather armour (worn)
 p - a +0 ring mail
Jewellery
 m - a ring of positive energy (left hand)
 s - a cursed ring of loudness (right hand)
Wands
 q - a wand of scattershot (5)
Scrolls
 d - a scroll of noise {unknown}
 e - a scroll of remove curse {unknown}
 g - a scroll of fog {unknown}
 l - 5 scrolls of identify {unknown}
 r - a scroll of teleportation {unknown}
 u - a scroll of fear {unknown}
Potions
 h - a potion of brilliance {unknown}
 i - a potion of degeneration {unknown}
 k - a potion of flight {unknown}
 n - a potion of curing {unknown}
 o - a potion of invisibility {unknown}
 t - a potion of magic {unknown}
Books
 b - a book of Air

   Spells                             Type                      Level
   a - Shock                          Conjuration/Air              1
   b - Swiftness                      Charms/Air                   2
   c - Static Discharge               Conjuration/Air              3
   d - Airstrike                      Air                          4
   e - Lightning Bolt                 Conjuration/Air              5
Comestibles
 c - 7 rations


   Skills:
 + Level 0.7 Fighting
 + Level 1.2 Maces & Flails
 + Level 1.2 Armour
 + Level 2.1 Dodging
 + Level 2.1 Stealth
 + Level 2.7 Spellcasting
 + Level 1.8 Conjurations
 + Level 3.3 Air Magic


You had 7 spell levels left.
You knew the following spells:

 Your Spells              Type           Power        Failure   Level  Hunger
a - Shock                 Conj/Air       #...         9%          1    #......


Dungeon Overview and Level Annotations

Branches:
Dungeon (3/15)

Altars:
Vehumet
Wu Jian
Xom
Zin
The Shining One


Message History

The zap misses the orc priest.
The orc priest invokes the aid of Beogh against you.
Beogh smites you!
* * * LOW HITPOINT WARNING * * *
You are too injured to fight recklessly!
The orc priest barely misses you.
You barely miss the orc priest.
The orc priest is lightly wounded.
The orc priest hits you but does no damage.
You barely miss the orc priest.
The orc priest is lightly wounded.
The orc priest misses you.
You closely miss the orc priest.
The orc priest is lightly wounded.
The orc priest begins to cast a cantrip, but forgets the words!
A dart slug comes into view.
You closely miss the orc priest.
The orc priest is lightly wounded.
The orc priest hits you with a club!
You die...

.## ...
..# #.#
#.# #.#
#.# #.#
###@##
#...o###
#......#
#....#)#
######w$.
.##.# ..
# oo ..#


You could see an orc priest and a dart slug.

Vanquished Creatures
  An orc priest (D:3)
  An adder (D:2)
  2 worms (D:2)
  3 dart slugs
  A leopard gecko (D:2)
  An orc (D:3)
  A giant cockroach (D:2)
  8 goblins
  6 hobgoblins
  3 jackals (D:1)
  4 bats (D:1)
  2 frilled lizards
  3 kobolds
  3 rats
39 creatures vanquished.

Notes
Turn   | Place    | Note
-------+----------+-------------------------------------------
     0 | D:1      | Kairos the Human Air Elementalist began the quest for the Orb.
     0 | D:1      | Reached XP level 1. HP: 13/13 MP: 3/3
   215 | D:1      | Reached XP level 2. HP: 19/19 MP: 3/5
   235 | D:1      | Found a shimmering altar of Xom.
   931 | D:1      | Reached XP level 3. HP: 24/24 MP: 2/6
  2124 | D:2      | Reached skill level 1 in Maces & Flails
  2124 | D:2      | Reached XP level 4. HP: 14/30 MP: 2/7
  2617 | D:2      | Found a glowing silver altar of Zin.
  2622 | D:2      | Found a radiant altar of Vehumet.
  2622 | D:2      | Found an ornate altar of the Wu Jian Council.
  2720 | D:2      | Found a glowing golden altar of the Shining One.
  3160 | D:3      | Reached skill level 1 in Armour
  3170 | D:3      | Slain by an orc priest

Skill      XL: |  1  2  3  4 |
---------------+-------------+-----
Maces & Flails | 1 |  1.2
Armour         | 1 |  1.2
Fighting       | |  0.7
Dodging        | |  2.1
Stealth        | |  2.1
Spellcasting   | |  2.7
Conjurations   | |  1.8
Air Magic      | |  3.3

Action                   |  1- 3 |  4- 6 || total
-------------------------+-------+-------++-------
Melee: Unarmed           |     9 |       ||     9
       Club              |    16 |       ||    16
       Whip              |    39 |    10 ||    49
 Cast: Shock             |    59 |    17 ||    76
  Eat: Chunk             |     4 |     3 ||     7
Armor: Leather armour    |    20 |     1 ||    21
Dodge: Dodged            |    56 |     3 ||    59
